 Dungeon Crawl Stone Soup version 0.31-a0-965-g8a8ce12e04 (webtiles) character file.

Game seed: 10046455052451331348

371 Maxmaps the Sneak (level 6, 0/42 HPs)
             Began as an Octopode Shapeshifter on Oct 27, 2023.
             Slain by a gnoll
             ... wielding a +0 halberd
             ... led by a gnoll bouda
              (7 damage)
             ... on level 4 of the Dungeon.
             The game lasted 00:04:42 (2977 turns).

Maxmaps the Sneak (Octopode Shapeshifter)           Turns: 2977, Time: 00:04:43

Health: 0/42       AC:  1    Str: 13    XL:     6   Next: 71%
Magic:  6/6        EV: 12    Int: 15    God:
Gold:   196        SH:  4    Dex: 11    Spells: 5/5 levels left

rFire   . .          .
                       - Unarmed
rCold   . . .        e - +0 buckler
rNeg    . . .        (helmet currently unavailable)
rPois   .            (no amulet)
rElec   .            (no ring)
rCorr   .            (no ring)
SInv    .            (no ring)
Will    .....        (no ring)
Stlth   ++++         (no ring)
HPRegen 0.27/turn    (no ring)
MPRegen 0.10/turn    (no ring)
                     (no ring)

%: no passive effects
@: brilliant, beast-form
A: beast (slay +1), almost no armour, amphibious, 8 rings, camouflage 1,
gelatinous body 1, (nimble swimmer 1), tentacles
a: Begin Untransformation


You were on level 4 of the Dungeon.
You were a hulking beast.
You visited 1 branch of the dungeon, and saw 4 of its levels.

You collected 196 gold pieces.

Inventory:

Hand Weapons
 r - a +1 dagger of venom
 x - a +2 war axe of electrocution
Missiles
 t - a throwing net
Armour
 e - a +0 buckler (worn)
 n - a +0 hat
Talismans
 b - a beast talisman
 c - a flux talisman
 y - a maw talisman
Wands
 l - a wand of roots (4)
Scrolls
 f - a scroll of poison {unknown}
 h - 2 scrolls of identify {unknown}
 p - a scroll of vulnerability {unknown}
 s - 2 scrolls of teleportation {unknown}
 v - a scroll of revelation {unknown}
 w - a scroll of enchant armour {unknown}
Potions
 a - a potion of lignification
 d - 2 potions of curing
 g - a potion of enlightenment {unknown}
 i - a potion of heal wounds {unknown}
 j - a potion of berserk rage {unknown}
 k - a potion of ambrosia {unknown}
 m - a potion of cancellation {unknown}
 o - a potion of degeneration {unknown}
 q - a potion of invisibility {unknown}
 u - 2 potions of brilliance
 z - a potion of haste {unknown}
 A - a potion of magic {unknown}


   Skills:
 - Level 3.0 Fighting
 - Level 2.0 Dodging
 - Level 5.3 Stealth
 - Level 4.1 Shields
 - Level 3.0 Unarmed Combat
 + Level 3.1 Shapeshifting


You had 5 spell levels left.
You didn't know any spells.
Your spell library contained the following spells:

 Spells                   Type           Power      Damage    Failure   Level
 Kiss of Death            Conj/Necr      0%         2d5       34%         1
 Confusing Touch          Hex            0%         N/A       71%         3
 Frozen Ramparts          Ice            0%         1d1       71%         3
 Tukima's Dance           Hex            0%         N/A       71%         3
 Animate Dead             Necr           0%         N/A       98%         4
 Dispel Undead            Necr           0%         3d6       98%         4
 Passage of Golubria      Tloc           0%         N/A       98%         4
 Petrify                  Tmut/Erth      0%         N/A       98%         4
 Metabolic Englaciation   Hex/Ice        0%         N/A       100%        5
 Yara's Violent Unravell  Hex/Tmut       0%         3d3       100%        5
 Haunt                    Necr/Summ      0%         N/A       100%        7
 Infestation              Necr           0%         N/A       100%        8


Dungeon Overview and Level Annotations

Branches:
Dungeon (4/15)
 Temple: D:4-7

Altars:
Makhleb
Ru
Uskayaw

Shops:
D:1 :([([   D:4 (*

Annotations:
D:4 Sigmund


Innate Abilities, Weirdness & Mutations

You are a hulking beast.
Your limbs bulge with bestial killing power. (Slay +1)
You cannot wear most types of armour.
You are amphibious.
You can wear up to eight rings at the same time.
Your skin changes colour to match your surroundings (Stealth+).
Your rubbery body absorbs attacks. (AC +1, EV +1)
((You are camouflaged when in or above water. (Stealth+)))
You have tentacles for arms and can constrict up to eight enemies at once.


Message History

You grab the gnoll.
You constrict the gnoll, but do no damage.
The gnoll escapes!
Sigmund mumbles some strange words.
Sigmund flickers and vanishes!
Deactivating autopickup; reactivate with Ctrl-A.
You barely miss the gnoll. You grab the gnoll. You squeeze the gnoll!
The gnoll is severely wounded.
You constrict the gnoll. The gnoll hits you with a +0 hand axe.
You tentacle-slap the gnoll.
You kill the gnoll!
The gnoll bouda gazes fiercely through you!
You feel your attacks grow feeble. The gnoll hits you with a +0 whip!
Okay, then.
The gnoll bouda barks out a call to the hunt!
The gnolls pick up the pace!
The gnoll attacks as it pursues you! The gnoll closely misses you.
The gnoll attacks as it pursues you! The gnoll completely misses you.
A magic dart appears from out of thin air!
The magic dart hits you. The gnoll attacks as it pursues you!
The gnoll barely misses you. The gnoll misses you.
The gnoll hits you with a +0 whip!
Your attacks no longer feel as feeble.
The gnoll attacks as it pursues you! The gnoll closely misses you.
The gnoll attacks as it pursues you! You block the gnoll's attack.
The gnoll misses you. The gnoll hits you with a +0 whip.
The gnoll attacks as it pursues you! The gnoll hits you with a +0 whip.
* * * LOW HITPOINT WARNING * * *
The gnoll attacks as it pursues you! The gnoll hits you with a +0 whip.
* * * LOW HITPOINT WARNING * * *
It was a potion of curing.
You feel better. The gnoll closely misses you.
The gnoll hits you from afar with a +0 halberd.
* * * LOW HITPOINT WARNING * * *
Unknown command.
It was a potion of brilliance.
You feel clever all of a sudden. You block the gnoll's attack.
The gnoll hits you from afar with a +0 halberd!
You die...

....# #.......#.########### '##
....# ######..#.#.....)...# ...
....# #..#.#.........# ...)
....#########..#.#.........# ....
...[...........#.#.........#.....
.#############.#.#.........#.....
.#.............#.#........)......
.......#########.#........)...!..
#####..# #h#.........#..... ###
#.### #g#....g....# ....
#####...# #g#.g..{....# ...
._..'...########.....####### ##
#)###.........##..#### #....# #.#
#.........##..# #....#
#+###.....############ #....#
.......∩..+..>..∩..+.# ####....#
'.#.......####≈≈####.## #.......#


You could see 2 gnolls.

Vanquished Creatures
  2 scorpions (D:4)
  Jessica (D:3)
  An iguana (D:4)
  Robin (D:3)
  4 adders
  A gnoll (D:4)
  4 worms
  3 dart slugs (D:3)
  5 orcs
  6 ball pythons
  8 endoplasms
  7 giant cockroaches
  21 goblins
  11 hobgoblins
  14 jackals
  9 kobolds
  2 quokkas
  3 bats
  6 frilled lizards
  5 rats
114 creatures vanquished.

Notes
Turn   | Place    | Note
-------+----------+-------------------------------------------
     0 | D:1      | Maxmaps the Octopode Shapeshifter began the quest for the
                  | Orb.
     0 | D:1      | Reached XP level 1. HP: 13/13 MP: 1/1
    98 | D:1      | Found Ytosaimp's Weapon Shoppe.
   103 | D:1      | Reached XP level 2. HP: 19/19 MP: 2/2
   311 | D:1      | Found Hemalu's Weapon Emporium.
   357 | D:1      | Reached XP level 3. HP: 10/25 MP: 3/3
   452 | D:1      | Found Wuecsiuj's Armour Emporium.
   492 | D:1      | Found Gioxugg's Book Boutique.
   586 | D:1      | Found Dehommuz's Antique Armour Shop.
   724 | D:2      | Reached skill level 1 in Shields
   805 | D:2      | Reached XP level 4. HP: 22/31 MP: 4/4
  1519 | D:3      | Noticed Robin
  1619 | D:3      | Reached XP level 5. HP: 33/36 MP: 5/5
  1621 | D:3      | Killed Robin
  1812 | D:3      | Found a burning altar of Makhleb.
  1988 | D:3      | Noticed Jessica
  2020 | D:3      | Found a hide-covered altar of Uskayaw.
  2072 | D:3      | Killed Jessica
  2073 | D:3      | Reached skill level 1 in Stealth
  2293 | D:3      | Reached skill level 2 in Stealth
  2511 | D:4      | Reached XP level 6. HP: 40/42 MP: 6/6
  2514 | D:4      | Reached skill level 3 in Stealth
  2526 | D:4      | Found Guuvuyrgh's Weapon Boutique.
  2528 | D:4      | Found Borph's Assorted Antiques.
  2545 | D:4      | Found a sacrificial altar of Ru.
  2625 | D:4      | Reached skill level 4 in Stealth
  2709 | D:4      | Reached skill level 5 in Stealth
  2959 | D:4      | Noticed Sigmund
  2977 | D:4      | Slain by a gnoll

Illustrated notes

Levels and vault maps discovered:
D:1:      roadster_arrival_rocket_small, layout_rooms, serial_shops,
          nicolae_shop_tiny_statue_garden, nicolae_book_shop_shelving,
          nicolae_shop_bloodbath_and_beyond, nicolae_shop_trees, shop,
          minmay_misc_feat_tower
D:2:      layout_loops_ring, serial_bayou, serial_bayou_shore_a,
          serial_bayou_pond_e, serial_bayou_lagoon_b, serial_bayou_pond_a,
          minmay_fractal_squares_5
D:3:      layout_basic, bloody_makhleb,
          mainiacjoe_overflow_concentric_impassable, grunt_decor_fettered,
          interstate_on_off, uniq_robin, uniq_jessica
D:4:      layout_basic, lemuel_doored_altar, serial_shops,
          nicolae_shop_hallway_stairs, shop, nicolae_shop_pleasant_corner_grove,
          st_stairs_8, uniq_sigmund

Skill      XL: |  1  2  3  4  5  6 |
---------------+-------------------+-----
Fighting       | 2 3 |  3.0
Shields        | 2 3 4 |  4.1
Stealth        | 2 5 |  5.3
Dodging        | |  2.0
Unarmed Combat | |  3.0
Shapeshifting  | |  3.1

Action                     |  1- 3 |  4- 6 || total
---------------------------+-------+-------++-------
  Melee: Unarmed           |    71 |   157 ||   228
         Constrict         |    17 |    42 ||    59
         Tentacles         |    15 |    38 ||    53
         Punch             |     1 |     4 ||     5
    Use: Potion            |       |     2 ||     2
   Stab: Sleeping          |     3 |     5 ||     8
 Armour: Skin              |    33 |    60 ||    93
  Dodge: Dodged            |    37 |    74 ||   111
  Block: Buckler           |     7 |    27 ||    34

Table legend: (Time is in decaauts)
 A = Elapsed time spent in this place.
 B = Non-inter-level travel time spent in this place.
 C = Inter-level travel time spent in this place.
 D = Time resting spent in this place.
 E = Time spent auto-exploring this place.
 F = Levels seen in this place.
 G = Mean time per level.
                   A        B        C        D        E       F      G
               +--------+--------+--------+--------+--------+-----+--------+
         Total |   2972 |   2894 |     78 |    362 |   1869 |   4 |  743.0 |
       Dungeon |   2972 |   2894 |     78 |    362 |   1869 |   4 |  743.0 |
               +--------+--------+--------+--------+--------+-----+--------+

Top non-repeatable levels by time:
     D:2: 860 daAuts
     D:3: 831 daAuts
     D:1: 716 daAuts
     D:4: 563 daAuts
